 Dungeon Sprint DCSS version 0.17-a0-1522-g6c5b4ba (webtiles) character file.

296 ztt the Covert (level 6, 0/28 HPs)
             Began as a Spriggan Enchanter on July 14, 2015.
             Slain by a yak (10 damage)
             ... in the Dungeon (Sprint I: "Red Sonja").
             The game lasted 00:01:18 (188 turns).

ztt the Covert (Spriggan Enchanter)                  Turns: 188, Time: 00:01:18

Health: 0/28       AC:  3    Str:  5    XL:     6   Next: 12%
Magic:  15/15      EV: 22    Int: 17    God:
Gold:   297        SH:  0    Dex: 17    Spells: 1 memorised, 15 levels left

rFire  . . .     SeeInvis +     a - +1 dagger
rCold  . . .     Clarity  .     b - +1 robe
rNeg   . . .     SustAt   .     (shield restricted)
rPois  .         Gourm    .     (helmet restricted)
rElec  .         Spirit   .     (no cloak)
rCorr  .         Warding  .     (gloves unavailable)
rMut   .         NoTele   +     (boots unavailable)
MR     +....                    (no amulet)
Stlth  +++++++...               (no ring)
                                (no ring)

@: very slightly contaminated, hasted, very quick, somewhat resistant to hostile
enchantments, extremely stealthy
A: unfitting armour, see invisible, herbivore 3, speed 3, slow metabolism 2
a: no special abilities


You were in the Dungeon.
You were not hungry.

You visited 1 branch You collected 297 gold pieces.

Inventory:

Hand weapons
 a - a +1 dagger (weapon)
Armour
 b - a +1 robe (worn)
Scrolls
 j - a scroll of blinking
Potions
 e - a potion of curing
 f - a potion of flight {unknown}
 h - 2 potions of magic
 i - a potion of invisibility {unknown}
Books
 c - a book of Maledictions

   Spells                             Type                      Level
   a - Corona                         Hexes                        1
   b - Ensorcelled Hibernation        Hexes/Ice                    2
   c - Confuse                        Hexes                        3
   d - Tukima's Dance                 Hexes                        3
   e - Dazzling Spray                 Conjuration/Hexes            3
Comestibles
 d - a bread ration


   Skills:
 + Level 1.5 Short Blades
 + Level 6.7 Dodging
 * Level 14.4 Stealth
 + Level 5.7 Spellcasting
 + Level 8.3 Hexes


You had 15 spell levels left.
You knew the following spells:

 Your Spells              Type           Power        Failure   Level  Hunger
a - Corona                Hex            ####...      1%          1    None


Dungeon Overview and Level Annotations

Branches:
Dungeon (1/1)

Altars:
Elyvilon
Gozag
Kikubaaqudgha
Makhleb
Nemelex Xobeh
Okawaru
Qazlal
Ru
Sif Muna
Vehumet
Xom
Yredelemnul
Zin
The Shining One

Shops:
D :


Innate Abilities, Weirdness & Mutations

You are tiny and cannot use many weapons and most armour.
You have supernaturally acute eyesight.
You are a herbivore.
You cover ground extremely quickly.
You need consume almost no food.


Message History

The yak misses you.
You hit the yak but do no damage.
The yak is moderately wounded.
You hit the yak.
The yak is moderately wounded.
The yak completely misses you.
You hit the yak.
The yak is heavily wounded.
The yak barely misses you.
You hit the yak but do no damage.
The yak is heavily wounded.
You hit the yak.
The yak is heavily wounded.
The yak completely misses you.
You hit the yak but do no damage.
The yak is heavily wounded.
You hit the yak.
The yak is heavily wounded.
The yak gores you!
You die...

################
#<.#.)'..#.)'..#
#..'..#.)'..#..+
#..#####'#####'#
#..# #..#...#(#
#..#__####..##)#
#..#_..__##'#..+
#⌠⌠#_.∩..Y@..._#
####_..._##_.#+#
#____ ##+# ####


You could see a yak.

Vanquished Creatures
  Sigmund (D)
  An ogre (D)
  A jelly (D)
  Ijyb (D)
4 creatures vanquished.

Notes
Turn   | Place    | Note
--------------------------------------------------------------
     0 | D        | ztt the Spriggan Enchanter began the quest for the Orb.
     0 | D        | Reached XP level 1. HP: 9/9 MP: 5/5
     2 | D        | Noticed Ijyb
    22 | D        | Killed Ijyb
    22 | D        | Reached skill level 7 in Stealth
    22 | D        | Reached skill level 5 in Hexes
    22 | D        | Reached XP level 2. HP: 13/13 MP: 5/7
    53 | D        | Noticed an ogre
    56 | D        | Killed an ogre
    56 | D        | Reached skill level 5 in Dodging
    56 | D        | Reached skill level 10 in Stealth
    56 | D        | Reached XP level 3. HP: 16/16 MP: 8/10
    56 | D        | Reached XP level 4. HP: 21/21 MP: 8/11
    89 | D        | Noticed Sigmund
    92 | D        | Killed Sigmund
    92 | D        | Reached skill level 14 in Stealth
    92 | D        | Reached skill level 5 in Spellcasting
    92 | D        | Reached XP level 5. HP: 24/24 MP: 12/14
    92 | D        | Reached XP level 6. HP: 28/28 MP: 12/15
   127 | D        | Found a deep blue altar of Sif Muna.
   128 | D        | Noticed a jelly
   129 | D        | Found a radiant altar of Vehumet.
   133 | D        | Killed a jelly
   149 | D        | Found Geutufos's Book Emporium.
   149 | D        | Found a white marble altar of Elyvilon.
   149 | D        | Found a stormy altar of Qazlal.
   149 | D        | Found a basalt altar of Yredelemnul.
   149 | D        | Found an iron altar of Okawaru.
   149 | D        | Found a sparkling altar of Nemelex Xobeh.
   149 | D        | Found a shimmering altar of Xom.
   149 | D        | Found an ancient bone altar of Kikubaaqudgha.
   149 | D        | Noticed a yak
   150 | D        | Found a burning altar of Makhleb.
   150 | D        | Found a sacrificial altar of Ru.
   150 | D        | Found a glowing golden altar of the Shining One.
   150 | D        | Found an opulent altar of Gozag.
   150 | D        | Found a glowing silver altar of Zin.
   188 | D        | Slain by a yak

Vault maps used:
D:        dungeon_sprint_1

Action                   |  1- 3 |  4- 6 || total
-------------------------+-------+-------++-------
Melee: Dagger            |    18 |    39 ||    57
  Use: Potion            |     2 |     1 ||     3
 Stab: Sleeping          |     2 |     2 ||     4
